Map: 16-Bit LE

Players

EmailsBngazi - Winner!

  • Race: Zerg Zerg
  • League: Diamond
  • Spawn Location: 1:00

Marzbar

  • Race: Zerg Zerg
  • League: Diamond
  • Spawn Location: 7:00

VOD

Have the link to the VOD?

Description

Time

  • Played on: June 13, 2018, 6:18 p.m.
  • Length: 18:31
Show
View Real Time Build Order
Export as new Build Order

EmailsBngazi Zerg - Winner!

Build Orders: Hatch First, Lurkers, Zergling Baneling 

Get SALT Encoding   

  12  0:01  Drone  
  13  0:14  Overlord  
  13  0:17  Drone  
  14  0:32  Drone x2  
  16  0:36  Drone  
  17  0:57  Hatchery  
  17  0:58  Drone  
  17  1:01  Extractor  
  17  1:03  Drone  
  17  1:18  Spawning Pool  
  17  1:24  Drone  
  18  1:25  Drone  
  18  1:30  Drone  
  19  1:41  Overlord  
  19  2:05  Metabolic Boost  
  19  2:06  Queen  
  19  2:08  Zergling x4  
  23  2:09  Zergling x2  
  23  2:15  Queen  
  24  2:20  Zergling x2  
  27  2:23  Zergling x2  
  28  2:32  Baneling Nest  
  28  2:34  Drone  
  28  2:40  Zergling x4  
  30  2:56  Overlord x2  
  30  3:00  Zergling x2  
  31  3:06  Zergling x4  
  31  3:10  Zergling x2  
  34  3:18  Baneling x3  
  34  3:19  Baneling  
  34  3:23  Baneling x2  
  34  3:25  Baneling  
  34  3:27  Zergling x4  
  34  3:33  Drone x2  
  38  3:38  Drone  
  36  3:58  Zergling x12  
  36  3:59  Baneling x2  
  41  4:14  Baneling x3  
  41  4:21  Baneling  
  41  4:22  Zergling x10  
  41  4:23  Zergling x2  
  47  4:28  Drone  
  47  4:29  Drone  
  49  4:34  Overlord  
  42  4:47  Zergling x2  
  42  4:48  Zergling x8  
  45  5:03  Zergling x8  
  44  5:15  Baneling x2  
  44  5:16  Baneling x2  
  44  5:17  Zergling x4  
  45  5:33  Zergling x6  
  48  5:36  Roach Warren  
  47  5:48  Baneling  
  47  5:49  Baneling x3  
  45  5:59  Zergling x10  
  46  6:15  Baneling x3  
  37  6:58  Baneling x4  
  37  6:59  Baneling  
  37  7:00  Zergling x6  
  37  7:01  Drone x2, Zergling x2  
  37  7:29  Zergling x8  
  36  7:37  Drone x2  
  36  7:42  Hatchery  
  37  7:44  Hatchery  
  35  7:55  Drone x4  
  39  8:03  Extractor  
  38  8:14  Roach x5  
  48  8:31  Roach x3  
  54  8:34  Overlord  
  54  8:40  Evolution Chamber  
  53  8:43  Drone x4  
  57  8:51  Baneling x2  
  57  8:52  Baneling x3  
  57  8:53  Drone x2  
  57  8:54  Drone  
  60  9:01  Queen  
  62  9:08  Drone x3  
  62  9:09  Drone x3  
  68  9:17  Lair  
  68  9:25  Extractor  
  68  9:28  Extractor  
  66  9:33  Drone  
  66  9:36  Roach x4  
  75  9:40  Overlord  
  75  9:51  Drone  
  75  9:52  Drone x4  
  80  10:02  Roach x3  
  86  10:07  Drone x2  
  86  10:09  Overlord  
  88  10:23  Overlord  
  88  10:29  Drone x7  
  88  10:30  Drone  
  88  10:34  Overlord  
  96  10:36  Overlord  
  96  10:40  Zerg Missile Weapons Level 1  
  96  10:52  Hydralisk Den  
  96  10:54  Extractor, Drone x4  
  96  10:55  Drone x2  
  96  10:56  Extractor  
  99  11:04  Roach  
  99  11:05  Roach x3  
  99  11:06  Roach  
  109  11:18  Drone x2, Evolution Chamber  
  109  11:20  Roach x4  
  109  11:22  Overlord  
  117  11:34  Lurker Den, Drone  
  117  11:39  Drone x2  
  119  11:42  Drone  
  119  11:46  Drone  
  121  11:48  Hydralisk x2  
  121  11:49  Hydralisk  
  121  11:52  Overlord  
  127  11:56  Hatchery  
  127  12:00  Overlord  
  127  12:01  Overlord x2  
  126  12:19  Hydralisk  
  126  12:20  Hydralisk x6  
  140  12:25  Zerg Ground Armor Level 1  
  140  12:27  Muscular Augments  
  140  12:46  Hydralisk x4  
  140  12:47  Hydralisk x3  
  140  12:48  Overlord  
  140  12:49  Overlord  
  154  12:52  Overlord  
  154  13:00  Pneumatized Carapace  
  147  13:23  Lurker x10  
  147  13:25  Overseer  
  147  13:26  Overseer  
  157  13:30  Drone x8  
  157  13:31  Drone x6  
  157  13:32  Overlord  
  171  13:36  Zerg Missile Weapons Level 2  
  159  14:20  Hydralisk x3, Lurker x4  
  159  14:21  Hydralisk x4  
  153  14:38  Hydralisk x2, Roach x5  
  149  14:39  Roach x3  
  139  15:11  Roach x5  
  139  15:12  Roach x5  
  143  15:22  Roach x2  
  143  15:23  Roach x2  
  151  15:33  Hydralisk x2, Roach x2  
  151  15:34  Hydralisk, Roach x3  
  155  15:45  Hydralisk x3, Roach x3  
  155  15:46  Roach x2  
  171  15:56  Extractor x2  
  169  16:00  Spire  
  163  16:04  Infestation Pit  
  162  16:12  Hatchery  
  147  16:26  Drone x3  
  147  16:27  Drone x2  
  147  16:28  Drone  
  153  16:37  Hydralisk x5  
  153  16:38  Hydralisk  
  153  16:39  Overlord  
  167  16:40  Overlord x2, Roach  
  167  16:48  Unknown x3  
  161  17:03  Hydralisk x2, Roach x5  
  161  17:04  Roach  
  166  17:22  Overlord x2  
  166  17:26  Roach  
  166  17:27  Roach x12  
  192  17:30  Overseer  
  192  17:31  Overseer  
  192  17:41  Overseer  
  192  17:43  Lurker x2  
  194  17:47  Roach  
  194  17:48  Roach x2  
Show
View Real Time Build Order
Export as new Build Order

Marzbar Zerg 

Build Orders: Hatch First 

Get SALT Encoding   

  12  0:03  Drone  
  13  0:12  Overlord  
  13  0:27  Drone  
  14  0:41  Drone  
  14  0:42  Drone x2  
  17  1:11  Hatchery, Drone  
  17  1:12  Drone  
  17  1:14  Extractor  
  17  1:19  Spawning Pool  
  17  1:25  Drone x2  
  18  1:35  Drone  
  19  1:46  Overlord  
  19  1:58  Drone  
  20  2:08  Queen  
  20  2:09  Zergling x2  
  23  2:18  Zergling x2  
  23  2:20  Metabolic Boost  
  23  2:22  Queen  
  26  2:23  Drone  
  27  2:33  Zergling x2  
  27  2:35  Zergling x2  
  29  2:41  Zergling x2  
  30  2:52  Overlord, Queen  
  30  2:53  Zergling x2  
  33  3:02  Zergling x4  
  35  3:09  Baneling Nest  
  34  3:16  Drone  
  34  3:17  Drone x2  
  37  3:24  Drone  
  37  3:25  Drone x2  
  37  3:26  Overlord  
  35  3:57  Baneling  
  35  3:58  Baneling x4, Zergling x2  
  35  3:59  Zergling x10  
  41  4:06  Zergling x12  
  46  4:22  Drone x3  
  49  4:44  Zergling x2  
  49  4:45  Zergling x14  
  47  5:06  Baneling x3  
  45  5:08  Zergling x8  
  48  5:15  Baneling  
  48  5:17  Zergling x4  
  49  5:33  Overlord  
  49  5:34  Drone x2  
  51  5:37  Extractor  
  51  5:38  Drone  
  49  6:06  Zergling x12  
  49  6:07  Overlord  
  49  6:08  Drone  
  49  6:11  Lair  
  54  6:13  Zergling x2  
  54  6:14  Roach Warren  
  52  6:19  Hatchery  
  51  6:27  Hatchery  
  40  6:41  Zergling x2  
  40  6:42  Zergling x16  
  39  6:54  Roach  
  39  6:58  Roach  
  43  7:06  Baneling, Roach  
  44  7:14  Roach x2  
  41  7:23  Roach  
  40  7:31  Zergling x8  
  40  7:32  Zergling x2  
  40  7:34  Zergling x2  
  45  7:47  Evolution Chamber  
  45  7:49  Evolution Chamber  
  43  7:59  Spine Crawler  
  43  8:01  Overlord  
  43  8:02  Spine Crawler  
  43  8:04  Drone x7  
  48  8:05  Spine Crawler  
  46  8:18  Drone x4  
  50  8:40  Drone  
  50  8:41  Drone x6  
  57  8:55  Spore Crawler  
  56  8:59  Spore Crawler x2  
  56  9:01  Extractor  
  53  9:03  Extractor  
  53  9:04  Zerg Missile Weapons Level 1  
  52  9:19  Drone  
  52  9:20  Hatchery, Drone  
  53  9:35  Baneling x4  
  53  9:36  Roach x3  
  59  9:58  Hydralisk Den  
  59  9:59  Drone x4  
  62  10:01  Drone  
  62  10:02  Spore Crawler  
  62  10:03  Drone  
  62  10:06  Drone  
  64  10:24  Drone  
  64  10:25  Drone x5  
  64  10:28  Hydralisk  
  70  10:32  Drone  
  70  10:33  Drone  
  74  10:46  Overlord x2  
  74  11:07  Hydralisk  
  74  11:08  Hydralisk x5  
  74  11:11  Drone x2  
  86  11:17  Drone  
  86  11:18  Drone x3  
  89  11:26  Zerg Missile Weapons Level 2  
  89  11:28  Zerg Ground Armor Level 1  
  89  11:30  Hydralisk  
  91  11:33  Hydralisk  
  93  11:46  Overlord, Drone x3  
  96  11:47  Overlord  
  96  11:58  Overlord x2  
  96  12:04  Queen x2  
  96  12:08  Hydralisk, Grooved Spines  
  100  12:09  Hydralisk x2  
  100  12:12  Overlord  
  106  12:22  Extractor  
  104  12:23  Extractor  
  104  12:27  Hydralisk  
  104  12:28  Hydralisk x4  
  113  12:30  Drone  
  113  12:31  Drone x2  
  116  12:50  Overlord x2  
  116  12:51  Drone x3  
  116  12:52  Overlord x2, Drone x2  
  116  12:53  Overlord  
  116  12:54  Zergling x2  
  121  13:15  Hydralisk x6  
  133  13:23  Lurker Den  
  133  13:26  Queen  
  133  13:38  Hydralisk  
  133  13:39  Hydralisk x5  
  144  13:44  Ravager x3  
  144  13:45  Ravager x6  
  153  13:48  Muscular Augments  
  153  13:54  Zerg Ground Armor Level 2  
  153  14:07  Overseer  
  153  14:08  Overseer x4  
  153  14:13  Hatchery  
  151  14:18  Hydralisk  
  151  14:19  Hydralisk x3  
  89  14:39  Hydralisk x7  
  89  14:41  Zergling x2  
  89  14:42  Zergling x10  
  103  14:54  Hydralisk  
  103  14:55  Hydralisk x4  
  103  15:06  Hydralisk x3  
  93  15:18  Hydralisk  
  93  15:19  Hydralisk  
  91  15:24  Hydralisk  
  81  15:42  Lurker x3  
  82  15:51  Lurker  
  69  16:23  Hydralisk  
  69  16:24  Hydralisk x7  
  77  17:13  Hydralisk  
  77  17:14  Hydralisk x8  
  92  17:35  Lurker  
  93  17:46  Lurker  
  93  17:47  Lurker x3  
  97  18:03  Hydralisk x3  
Tags
 
Add a new tag
Caveats
  • Supply blocks, unpowered buildings, or Contaminate may cause inaccurate times.
  • Supply counts are checked every 10 seconds.